 Dungeon Crawl Stone Soup version 0.30-a0-1160-g6e42c06551 (webtiles) character file.

Game seed: 928576379351524281

210 Darkkill the Shooter (level 5, -10/46 HPs)
             Began as a Minotaur Hunter on Apr 25, 2023.
             Mangled by an ogre
             ... wielding a +0 giant club
              (23 damage)
             ... on level 3 of the Dungeon.
             The game lasted 00:06:33 (2663 turns).

Darkkill the Shooter (Minotaur Hunter)              Turns: 2663, Time: 00:06:33

Health: -10/46     AC:  3    Str: 15      XL:     5   Next: 56%
Magic:  4/4        EV: 13    Int:  6      God:
Gold:   114        SH:  0    Dex: 15 (16) Spells: 4/4 levels left

rFire   . . .        a - +0 shortbow
rCold   . . .        (shield currently unavailable)
rNeg    . . .        c - +0 leather armour
rPois   .            (helmet restricted)
rElec   .            (no cloak)
rCorr   .            (no gloves)
SInv    .            (no boots)
Will    .....        (no amulet)
Stlth   ++           (no ring)
HPRegen 0.27/turn    (no ring)
MPRegen 0.09/turn

%: no passive effects
@: no status effects
A: horns 2, retaliatory headbutt
a: no special abilities


You were on level 3 of the Dungeon.
You visited 1 branch of the dungeon, and saw 3 of its levels.

You collected 114 gold pieces.

Inventory:

Hand Weapons
 a - a +0 shortbow (weapon)
 b - the +7 spear of Ebahum {venom, rPois rF- Str+5 Dex+3}
   (You found it on level 2 of the Dungeon)

   Str:       It affects your strength (+5).
   Dex:       It affects your dexterity (+3).
   rF:        It makes you vulnerable to fire.
   rPois:     It protects you from poison.
 g - the +2 whip of Insufficient Pleasure {chaos, Str+2}
   (You found it on level 3 of the Dungeon)

   Str:       It affects your strength (+2).
Missiles
 f - 10 stones
 h - 7 boomerangs
 l - 3 poisoned darts
Armour
 c - a +0 leather armour (worn)
Scrolls
 d - 3 scrolls of butterflies
 k - a scroll of identify {@r1}
 m - a scroll of fog
 v - a scroll of immolation
Potions
 e - 2 potions of curing {unknown}
 i - 3 potions of lignification
 j - a potion of degeneration


   Skills:
 + Level 4.1 Fighting
 + Level 5.3 Ranged Weapons
 + Level 3.7 Dodging
 + Level 2.4 Stealth


You had 4 spell levels left.
You didn't know any spells.
Your spell library contained the following spells:

 Spells                   Type           Power      Damage    Failure   Level
 Slow                     Hex            0%         N/A       52%         1
 Confusing Touch          Hex            0%         N/A       88%         3
 Vampiric Draining        Necr           0%         2d6       88%         3


Dungeon Overview and Level Annotations

Branches:
Dungeon (3/15)

Altars:
Trog
Xom

Shops:
D:3 (


Innate Abilities, Weirdness & Mutations

You have a pair of horns on your head.
You reflexively headbutt those who attack you in melee.


Message History

You see here a +0 club.
No target in view!
Found Raulo's Antique Weapon Boutique.
No target in view!
There is an entrance to Raulo's Antique Weapon Boutique here.
No target in view!
Found a club.
Found a stone staircase leading up.
No target in view!
No target in view!
A worm comes into view.
A worm is nearby!
You shoot an arrow. The arrow hits the worm.
The worm is lightly wounded.
A worm is nearby!
You shoot an arrow. The arrow hits the worm.
The worm is moderately wounded.
A worm is nearby!
You shoot an arrow. The arrow hits the worm.
The worm is moderately wounded.
A worm is nearby!
You shoot an arrow. The arrow barely misses the worm.
You shoot an arrow. The arrow hits the worm!
The worm is almost dead.
A worm is nearby!
You shoot an arrow. The arrow hits the worm!
You kill the worm!
Found a shimmering altar of Xom.
No target in view!
There is a stone staircase leading up here.
Found a dagger.
No target in view!
There is a stone staircase leading up here.
The ogre shouts!
Your line of fire to the ogre is blocked by a fungus.
An ogre is nearby!
Your line of fire to the ogre is blocked by a fungus.
An ogre is nearby!
Your line of fire to the ogre is blocked by a fungus.
An ogre is nearby!
Your line of fire to the ogre is blocked by a fungus.
An ogre is nearby!
Your line of fire to the ogre is blocked by a fungus.
An ogre is nearby!
Your line of fire to the ogre is blocked by a fungus.
An ogre is nearby!
Fire: a) +0 shortbow
Press: ? - help, Q - select action, (/) - cycle Shift-Dir - straight line, f/p - ogre
Aim: an ogre, wielding a +0 giant club (77% to hit)
You shoot an arrow.
The arrow hits the ogre but does no damage.
Fire: a) +0 shortbow
Press: ? - help, Q - select action, (/) - cycle Shift-Dir - straight line, f/p - ogre
Aim: an ogre, wielding a +0 giant club (77% to hit)
You shoot an arrow. The arrow barely misses the ogre.
Fire: a) +0 shortbow
Press: ? - help, Q - select action, (/) - cycle Shift-Dir - straight line, f/p - ogre
Aim: an ogre, wielding a +0 giant club (77% to hit)
You shoot an arrow. The arrow hits the ogre.
The ogre is lightly wounded.
Fire: a) +0 shortbow
Press: ? - help, Q - select action, (/) - cycle Shift-Dir - straight line, f/p - ogre
Aim: an ogre, wielding a +0 giant club (lightly wounded, 77% to hit)
You shoot an arrow. The arrow barely misses the ogre.
The arrow hits the fungus!
The fungus begins to die.
The fungus is lightly damaged.
Fire: a) +0 shortbow
Press: ? - help, Q - select action, (/) - cycle Shift-Dir - straight line, f/p - ogre
Aim: an ogre, wielding a +0 giant club (lightly wounded, 77% to hit)
You shoot an arrow. The arrow barely misses the ogre.
The arrow hits the fungus!
The fungus is lightly damaged.
The ogre hits you with a +0 giant club!!
Fire: a) +0 shortbow
Press: ? - help, Q - select action, (/) - cycle Shift-Dir - straight line, f/p - ogre
Aim: an ogre, wielding a +0 giant club (lightly wounded, 77% to hit)
You shoot an arrow. The arrow closely misses the ogre.
The arrow completely misses the fungus.
A nearby fungus withers and dies.
The ogre closely misses you.
Fire: a) +0 shortbow
Press: ? - help, Q - select action, (/) - cycle Shift-Dir - straight line, f/p - ogre
Aim: an ogre, wielding a +0 giant club (lightly wounded, 77% to hit)
You shoot an arrow. The arrow hits the ogre!
The ogre is heavily wounded.
Fire: a) +0 shortbow
Press: ? - help, Q - select action, (/) - cycle Shift-Dir - straight line, f/p - ogre
Aim: an ogre, wielding a +0 giant club (heavily wounded, 77% to hit)
You shoot an arrow. The arrow hits the ogre.
The ogre is severely wounded.
The ogre hits you with a +0 giant club!
* * * LOW HITPOINT WARNING * * *
Fire: a) +0 shortbow
Press: ? - help, Q - select action, (/) - cycle Shift-Dir - straight line, f/p - ogre
Aim: an ogre, wielding a +0 giant club (severely wounded, 77% to hit)
You shoot an arrow. The arrow hits the ogre.
The ogre is severely wounded.
The ogre hits you with a +0 giant club!!
Ouch! That really hurt!
You die...

.##.#.....####.............#. #.
.##.#.....# #........≈.##.#. #g
....÷.....####........§.# .#.. #.
.............#....###.≈.# +...#.
......................≈.# #...#'
...........................#.....
.####).......#................#..
.####.....###..##.###...#........
................@O...............
#####...))###..#......P.#..##.#..
#####...))............P..........
........).?.............#..##.#..
.......#).###..#....#...#..##.#..
..>....#..# #..#....+...... #.###
.......#..# #..#....# #.#.# #.#
.......#..###..#....# #.#.###.#
.......#.÷....##....# #.......#


You could see an ogre.

Vanquished Creatures
  An orc priest (D:3)
  An orc wizard (D:3)
  Terence (D:2)
  2 gnolls (D:3)
  3 adders (D:2)
  2 worms
  A dart slug (D:1)
  7 orcs (D:3)
  8 endoplasms
  A giant cockroach (D:1)
  8 goblins
  4 hobgoblins
  3 jackals (D:1)
  3 quokkas
  2 ball pythons (D:3)
  8 bats
  3 frilled lizards
  9 kobolds
  10 rats
77 creatures vanquished.

Vanquished Creatures (others)
  3 kobolds (D:3)
  4 fungi (D:3)
  6 plants (D:1)
13 creatures vanquished.

Grand Total: 90 creatures vanquished

Notes
Turn   | Place    | Note
-------+----------+-------------------------------------------
     0 | D:1      | Darkkill the Minotaur Hunter began the quest for the Orb.
     0 | D:1      | Reached XP level 1. HP: 18/18 MP: 0/0
   115 | D:1      | Reached skill level 1 in Stealth
   182 | D:1      | Reached XP level 2. HP: 25/25 MP: 1/1
   607 | D:1      | Reached XP level 3. HP: 30/31 MP: 2/2
   964 | D:2      | Identified the +7 spear of Ebahum {venom, rPois rF- Str+5
                  | Dex+3}
  1266 | D:2      | Noticed Terence
  1273 | D:2      | Killed Terence
  1276 | D:2      | Reached XP level 4. HP: 27/38 MP: 3/3
  1516 | D:2      | Reached skill level 5 in Ranged Weapons
  1809 | D:3      | Noticed an ogre
  1926 | D:3      | HP: 7/38 [orc/+0 flail (7)]
  2089 | D:3      | Identified the +2 whip of Insufficient Pleasure {chaos,
                  | Str+2}
  2098 | D:3      | Reached XP level 5. HP: 46/46 MP: 4/4
  2420 | D:3      | Found a bloodstained altar of Trog.
  2472 | D:3      | Found Raulo's Antique Weapon Boutique.
  2523 | D:3      | Found a shimmering altar of Xom.
  2663 | D:3      | Mangled by an ogre

Illustrated notes

Levels and vault maps discovered:
D:1:      roderic_crop_circles_arrival_small, layout_loops_corners
D:2:      layout_loops_corners, st_stairs_8, uniq_terence
D:3:      layout_basic, xom_confusion_cloud, mainiacjoe_overflow_boulevard,
          serial_shops, shop, kennysheep_another_room

Skill      XL: |  1  2  3  4  5 |
---------------+----------------+-----
Stealth        | 1 2 |  2.4
Fighting       | 3 4 |  4.1
Dodging        | 3 |  3.7
Ranged Weapons | 5 |  5.3

Action                     |  1- 3 |  4- 6 || total
---------------------------+-------+-------++-------
   Fire: Shortbow          |    87 |   131 ||   218
    Use: Potion            |     4 |       ||     4
         Scroll            |     2 |     3 ||     5
 Armour: Leather armour    |     2 |    12 ||    14
  Dodge: Dodged            |    24 |    37 ||    61

Table legend: (Time is in decaauts)
 A = Elapsed time spent in this place.
 B = Non-inter-level travel time spent in this place.
 C = Inter-level travel time spent in this place.
 D = Time resting spent in this place.
 E = Time spent auto-exploring this place.
 F = Levels seen in this place.
 G = Mean time per level.
                   A        B        C        D        E       F      G
               +--------+--------+--------+--------+--------+-----+--------+
         Total |   2725 |   2658 |     67 |      0 |   2158 |   3 |  908.3 |
       Dungeon |   2725 |   2658 |     67 |      0 |   2158 |   3 |  908.3 |
               +--------+--------+--------+--------+--------+-----+--------+

Top non-repeatable levels by time:
     D:2: 1009 daAuts
     D:1: 914 daAuts
     D:3: 801 daAuts

Levels and vault maps discovered:
D:1:      roderic_crop_circles_arrival_small, layout_loops_corners
D:2:      layout_loops_corners, st_stairs_8, uniq_terence
D:3:      layout_basic, xom_confusion_cloud, mainiacjoe_overflow_boulevard,
          serial_shops, shop, kennysheep_another_room

Table legend: (Time is in decaauts)
 A = Elapsed time spent in this place.
 B = Non-inter-level travel time spent in this place.
 C = Inter-level travel time spent in this place.
 D = Time resting spent in this place.
 E = Time spent auto-exploring this place.
 F = Levels seen in this place.
 G = Mean time per level.
                   A        B        C        D        E       F      G
               +--------+--------+--------+--------+--------+-----+--------+
         Total |   2725 |   2658 |     67 |      0 |   2158 |   3 |  908.3 |
       Dungeon |   2725 |   2658 |     67 |      0 |   2158 |   3 |  908.3 |
               +--------+--------+--------+--------+--------+-----+--------+

Top non-repeatable levels by time:
     D:2: 1009 daAuts
     D:1: 914 daAuts
     D:3: 801 daAuts

Table legend:
 A = Kills in this place as a percentage of kills in the entire game.
 B = Kills by you in this place as a percentage of kills by you in the entire game.
 C = Kills by friends in this place as a percentage of kills by friends in the entire game.
 D = Other kills in this place as a percentage of other kills in the entire game.
 E = Experience gained in this place as a percentage of experience gained in the entire game.
 F = Experience gained in this place divided by the number of levels of this place that you have seen.
                   A       B       C       D       E      F
               +-------+-------+-------+-------+-------+----------------------
         Total | 100.0 | 100.0 |   N/A |   N/A | 100.0 | 100.0
       Dungeon | 100.0 | 100.0 |   N/A |   N/A | 100.0 | 100.0
               +-------+-------+-------+-------+-------+----------------------
